 Dungeon Crawl Stone Soup version 0.31-a0-981-geadf994542 (webtiles) character file.

Game seed: 11806847457866338310

5677 p00ps00p the Cleaver (level 10, 0/93 HPs)
             Began as a Hill Orc Fighter on Oct 31, 2023.
             Was an Initiate of Gozag.
             Slain by an orc knight
             ... wielding a +0 halberd
              (18 damage)
             ... in a bailey.
             The game lasted 00:16:44 (7770 turns).

p00ps00p the Cleaver (Hill Orc Fighter)             Turns: 7770, Time: 00:16:46

Health: 0/93       AC: 16    Str: 24    XL:     10   Next: 75%
Magic:  0/10       EV:  9    Int:  8    God:    Gozag
Gold:   838        SH:  6    Dex: 10    Spells: 9/9 levels left

rFire   . . .        a - +2 war axe (flame)
rCold   . . .        c - +0 buckler
rNeg    . . .        u - +0 chain mail
rPois   .            i - +1 helmet
rElec   .            r - +0 cloak
rCorr   .            s - +0 pair of gloves
SInv    .            (no boots)
Will    .....        f - amulet of guardian spirit Stlth
                     (no ring)
HPRegen 0.35/turn    (no ring)
MPRegen 0.12/turn

%: guardian spirit
@: mighty, brilliant, gold aura
A: no striking features
a: Renounce Religion, Potion Petition, Call Merchant, Bribe Branch


You were in a bailey.
You worshipped Gozag.
Gozag was pleased with you.
You visited 2 branches of the dungeon, and saw 10 of its levels.
You also visited: Bailey.

You collected 986 gold pieces.
You paid 148 gold pieces to Gozag.

Inventory:

Hand Weapons
 a - a +2 war axe of flaming (weapon)
 n - a +0 executioner's axe
Armour
 b - a +1 scale mail
 c - a +0 buckler (worn)
 i - a +1 helmet (worn)
 r - a +0 cloak (worn)
 s - a +0 pair of gloves (worn)
 u - a +0 chain mail (worn)
Jewellery
 f - an amulet of guardian spirit (around neck)
Wands
 t - a wand of roots (4)
 v - a wand of flame (28)
Scrolls
 d - 3 scrolls of enchant weapon
 m - a scroll of butterflies
 o - 4 scrolls of enchant armour
 q - 2 scrolls of immolation
 E - a scroll of teleportation
Potions
 g - 4 potions of curing
 h - a potion of lignification
 j - 2 potions of berserk rage
 k - a potion of mutation
 l - 4 potions of heal wounds
 p - 3 potions of brilliance
 w - 2 potions of resistance
 x - a potion of magic
 z - a potion of might
 A - 3 potions of invisibility {unknown}
 C - a potion of cancellation {unknown}
 D - a potion of haste {unknown}


   Skills:
 + Level 10.1 Fighting
 + Level 10.7 Axes
 + Level 9.3 Armour
 - Level 1.4 Dodging
 + Level 9.0 Shields


You had 9 spell levels left.
You didn't know any spells.
Your spell library contained the following spells:

 Spells                   Type           Power      Damage    Failure   Level
 Sting                    Tmut/Pois      0%         1d3       91%         1
 Poisonous Vapours        Pois/Air       0%         N/A       97%         2
 Olgreb's Toxic Radiance  Pois           0%         N/A       100%        4


Dungeon Overview and Level Annotations

Branches:
Dungeon (9/15)             Temple (1/1) D:6          Bailey (1/1)
   Lair: D:8-11         Orc: D:9-12

Altars:
Ashenzari
Cheibriados
Elyvilon
Fedhas
Gozag
Hepliaklqana
Kikubaaqudgha
Makhleb
Nemelex Xobeh
Qazlal
Ru
Sif Muna
Trog
Uskayaw
Vehumet
Wu Jian
Xom
Yredelemnul
Zin
The Shining One

Shops:
D:6 ?

Annotations:
D:3 3 runed translucent doors, perezv8180's ghost, amateur MfGl


Message History

There is a huge open gate here.
You barely miss the orc knight.
The orc knight is moderately wounded.
The orc warrior barely misses you. The orc knight barely misses you.
You hit the orc knight. You burn the orc knight.
The orc knight is moderately wounded.
The orc warrior hits you from afar with a +0 halberd!
The orc knight hits you but does no damage.
You closely miss the orc knight.
The orc knight is moderately wounded.
The orc warrior barely misses you.
The orc knight hits you with a +0 halberd!
You closely miss the orc knight.
The orc knight is moderately wounded.
You block the orc warrior's attack.
The orc knight hits you with a +0 halberd.
You slash the orc knight! You burn the orc knight.
The orc knight is moderately wounded.
The orc warrior hits you from afar with a +0 halberd!
* * * LOW HITPOINT WARNING * * *
You miss the orc knight.
The orc knight is moderately wounded.
The orc knight hits you but does no damage.
The orc warrior hits you from afar with a +0 halberd!
* * * LOW HITPOINT WARNING * * *
The orc knight roars a battlecry!
The orc warrior goes into a battle-frenzy!
You feel much better. You block the orc warrior's attack.
You feel very mighty all of a sudden. The orc warrior closely misses you.
The orc knight hits you with a +0 halberd!
* * * LOW HITPOINT WARNING * * *
You closely miss the orc knight.
The orc knight is moderately wounded.
The orc warrior hits you from afar with a +0 halberd!
* * * LOW HITPOINT WARNING * * *
You feel clever all of a sudden.
The orc knight hits you with a +0 halberd!!
You die...
Your body crumbles into a pile of gold.

###### ####### ##
......###.....#########.
.......o$......#.....#..
.....o.@....#..'.....'..
.......'.o....)')....'..
.......'....#..'.....'..
.......'.......#.....#..
......###.....#########.
###### ####### ##


You could see an orc knight and 2 orc warriors.

Vanquished Creatures
  A two-headed ogre (D:6)
  Pikel (D:6)
  An orc knight (Bailey)
  2 wyverns
  3 yaks (D:8)
  Eustachio (D:6)
  Edmund (D:6)
  A sky beast (D:7)
  5 orc warriors
  4 black bears
  An ice beast (D:3)
  2 ogres
  2 centaurs
  4 phantoms
  3 lemures (D:6)
  3 bullfrogs
  3 scorpions
  3 wights (D:6)
  4 killer bees (D:8)
  A howler monkey (D:6)
  An iron imp (D:4)
  4 orc priests
  A gnoll bouda (D:7)
  5 hounds
  A jelly (D:7)
  2 sleepcaps (D:6)
  Jessica (D:2)
  5 iguanas
  4 orc wizards
  3 gnolls (D:7)
  7 adders
  2 white imps (D:6)
  2 ufetubi (D:5)
  3 worms
  3 dart slugs
  35 orcs
  A ball python (D:4)
  6 bats
  6 endoplasms
  4 giant cockroaches
  16 goblins
  A hobgoblin (D:2)
  6 kobolds
  A quokka (D:4)
  A frilled lizard (D:2)
  4 rats
171 creatures vanquished.

Vanquished Creatures (others)
  A scorpion (D:6)
1 creature vanquished.

Grand Total: 172 creatures vanquished

Notes
Turn   | Place    | Note
-------+----------+-------------------------------------------
     0 | D:1      | p00ps00p the Hill Orc Fighter began the quest for the Orb.
     0 | D:1      | Reached XP level 1. HP: 19/19 MP: 1/1
   107 | D:1      | Reached XP level 2. HP: 16/27 MP: 2/2
   193 | D:1      | Found a faded altar of an unknown god.
   555 | D:2      | Reached XP level 3. HP: 33/33 MP: 3/3
   904 | D:2      | Reached XP level 4. HP: 40/40 MP: 4/4
   973 | D:2      | Noticed Jessica
   977 | D:2      | Killed Jessica
  1141 | D:3      | Noticed perezv8180's ghost (amateur MfGl)
  1146 | D:3      | Identified the +4 trident of Ziwniloj {drain, Fragile Str+3
                  | Int+6}
  1177 | D:3      | Found a runed translucent gate.
  1177 | D:3      | Found a runed translucent gate.
  1178 | D:3      | Found a runed translucent gate.
  1227 | D:3      | Noticed a black bear
  1237 | D:3      | Killed a black bear
  1238 | D:3      | Reached XP level 5. HP: 29/47 MP: 2/5
  1647 | D:3      | Noticed an ice beast
  1651 | D:3      | Killed an ice beast
  1652 | D:3      | Reached skill level 5 in Fighting
  1652 | D:3      | Reached XP level 6. HP: 56/56 MP: 6/6
  1780 | D:3      | Found an ornate altar of the Wu Jian Council.
  1792 | D:3      | Found a glowing silver altar of Zin.
  2048 | D:4      | Found a snail-covered altar of Cheibriados.
  2097 | D:4      | Noticed a black bear
  2102 | D:4      | Killed a black bear
  2103 | D:4      | Reached skill level 5 in Axes
  2103 | D:4      | Reached skill level 5 in Armour
  2103 | D:4      | Reached skill level 5 in Shields
  2162 | D:4      | Reached XP level 7. HP: 52/61 MP: 5/7
  2813 | D:5      | Entered Level 5 of the Dungeon
  2867 | D:5      | Reached XP level 8. HP: 62/71 MP: 8/8
  3597 | D:6      | Found a burning altar of Makhleb.
  3598 | D:6      | Noticed a two-headed ogre
  3611 | D:6      | Killed a two-headed ogre
  3838 | D:6      | Reached XP level 9. HP: 76/79 MP: 7/9
  4467 | D:6      | Reached skill level 1 in Dodging
  4494 | D:6      | Noticed Edmund
  4506 | D:6      | Killed Edmund
  4788 | D:6      | Found a shimmering altar of Xom.
  4811 | D:6      | Noticed Eustachio
  4826 | D:6      | Noticed Pikel
  4835 | D:6      | Killed Eustachio
  4844 | D:6      | Killed Pikel
  4912 | D:6      | Reached XP level 10. HP: 48/91 MP: 10/10
  4917 | D:6      | Found a staircase to the Ecumenical Temple.
  4931 | Temple   | Entered the Ecumenical Temple
  4946 | Temple   | Became a worshipper of Gozag Ym Sagoz the Greedy
  5311 | D:6      | Found Gedgh's Magic Scroll Shop.
  6292 | D:8      | Reached skill level 10 in Axes
  6911 | D:9      | Found a flagged portal.
  6935 | Bailey   | Entered a bailey
  7452 | Bailey   | Noticed an orc knight
  7488 | Bailey   | Killed an orc knight
  7489 | Bailey   | Reached skill level 10 in Fighting
  7739 | Bailey   | Noticed an orc knight
  7770 | Bailey   | Slain by an orc knight

Illustrated notes

Levels and vault maps discovered:
D:1:      matt_arrival_diagonals, layout_rooms, basic_ecumenical_altar
D:2:      layout_basic, corexii_corridor_pit, uniq_jessica
D:3:      layout_basic, lemuel_doored_altar, zin_treasury, gammafunk_ghost_split
D:4:      layout_loops_ring, slow_altar_1
D:5:      layout_basic
D:6:      layout_basic, xom_confusion_cloud, makhleb_blood_cavern_becter,
          minmay_temple_entry_statues_pillars, serial_shops,
          nicolae_shop_rolled_up, uniq_pikel, uniq_edmund, uniq_eustachio
D:7:      layout_cave_pools
D:8:      layout_rooms
D:9:      layout_irregular_city, gammafunk_temple_overflow_statue,
          enter_bailey_3
Temple:   nicolae_temple_bog_church
Bailey:   bailey_polearm_5, bailey

Skill      XL: |  1  2  3  4  5  6  7  8  9 10 |
---------------+-------------------------------+-----
Axes           | 3 4 5 6 7 9 10 | 10.7
Fighting       | 4 5 6 7 9 10 | 10.1
Armour         | 4 5 6 8 9 |  9.3
Shields        | 4 5 6 7 9 |  9.0
Dodging        | 1 |  1.4

Action                     |  1- 3 |  4- 6 |  7- 9 | 10-12 || total
---------------------------+-------+-------+-------+-------++-------
  Melee: War axe           |    64 |    72 |   205 |   159 ||   500
         Executioner's axe |       |       |     9 |       ||     9
  Evoke: Wand              |       |       |       |    11 ||    11
    Use: Scroll            |     5 |     7 |     3 |     4 ||    19
         Potion            |       |       |     2 |     3 ||     5
 Armour: Scale mail        |    50 |    63 |   142 |       ||   255
         Chain mail        |       |       |    91 |   162 ||   253
  Dodge: Dodged            |    27 |    32 |   121 |    80 ||   260
  Block: Buckler           |    10 |    12 |    67 |    59 ||   148

Table legend: (Time is in decaauts)
 A = Elapsed time spent in this place.
 B = Non-inter-level travel time spent in this place.
 C = Inter-level travel time spent in this place.
 D = Time resting spent in this place.
 E = Time spent auto-exploring this place.
 F = Levels seen in this place.
 G = Mean time per level.
                   A        B        C        D        E       F      G
               +--------+--------+--------+--------+--------+-----+--------+
         Total |   7858 |   7563 |    295 |   1768 |   4290 |  11 |  714.4 |
       Dungeon |   6992 |   6726 |    266 |   1202 |   4262 |   9 |  776.9 |
        Temple |     30 |      1 |     29 |      0 |      0 |   1 |   30.0 |
        Bailey |    834 |    834 |      0 |    566 |     28 |   1 |  834.0 |
               +--------+--------+--------+--------+--------+-----+--------+

Top non-repeatable levels by time:
     D:6: 1764 daAuts
     D:3: 1026 daAuts
     D:7: 956 daAuts
  Bailey: 834 daAuts
     D:4: 784 daAuts
     D:5: 757 daAuts
     D:8: 626 daAuts
     D:2: 545 daAuts
     D:1: 506 daAuts
  Temple: 30 daAuts
     D:9: 24 daAuts
